 Dungeon Crawl Stone Soup version 0.27.1-34-g3ba077fa99 (webtiles) character file.

Game seed: 16188287808291152978

290 KamiKatze the Skirmisher (level 6, -11/52 HPs)
             Began as a Ghoul Fighter on Jan 1, 2022.
             Was an Initiate of Okawaru.
             Mangled by an ogre (18 damage)
             ... on level 4 of the Dungeon on Jan 2, 2022.
             The game lasted 00:11:18 (3525 turns).

KamiKatze the Skirmisher (Ghoul Fighter)            Turns: 3525, Time: 00:11:19

Health: -11/52     AC:  6    Str: 22    XL:     6   Next: 32%
Magic:  5/5        EV:  7    Int:  3    God:    Okawaru [......]
Gold:   243        SH:  9    Dex:  8    Spells: 5/5 levels left

rFire    . . .     SeeInvis .   a - +0 war axe
rCold    + . .     Faith    .   c - +0 kite shield
rNeg     + + +     Spirit   .   b - +0 scale mail
rPois    ∞         Reflect  .   (no helmet)
rElec    .         Harm     .   (no cloak)
rCorr    .         Rampage  .   (no gloves)
Will     .....                  (no boots)
Stlth    ..........             r - amulet of regeneration
HPRegen  0.00/turn              (no ring)
MPRegen  0.09/turn              (no ring)

@: inhibited regen
A: claws 1, cold resistance 1, negative energy resistance 3, inhibited
regeneration, torment resistance 2
a: Renounce Religion


You were on level 4 of the Dungeon.
You worshipped Okawaru.
Okawaru was noncommittal.
You visited 2 branches of the dungeon, and saw 5 of its levels.

You collected 243 gold pieces.

Inventory:

Hand Weapons
 a - a +0 war axe (weapon)
 e - a +0 hand axe
 k - a +1 vampiric short sword
 t - the +8 dagger of the Seven Xenops {pain, +Blink rElec}
   (You found it on level 4 of the Dungeon)

   In the hands of one skilled in necromantic magic, it inflicts extra damage on
   living creatures.
   rElec:     It insulates you from electricity.
   +Blink:    It lets you blink.
Missiles
 g - 96 stones (quivered)
 s - 14 poisoned darts
Armour
 b - a +0 scale mail (worn)
 c - a +0 kite shield (worn)
 l - a +0 helmet
Magical Staves
 p - a staff of death
Jewellery
 r - an amulet of regeneration (around neck)
Wands
 o - a wand of acid (10)
Scrolls
 f - 2 scrolls of identify {unknown}
 h - a scroll of enchant armour {unknown}
 i - 3 scrolls of blinking {unknown}
 n - 2 scrolls of teleportation {unknown}
Potions
 d - a potion of might
 j - a potion of degeneration {unknown}
 m - 3 potions of brilliance {unknown}
 q - a potion of lignification {unknown}
 u - a potion of curing {unknown}


   Skills:
 + Level 4.3 Fighting
 * Level 3.6 Axes
 + Level 3.5 Armour
 * Level 4.2 Shields


You had 5 spell levels left.
You didn't know any spells.
Your spell library contained the following spells:

 Spells                   Type           Power      Damage    Failure   Level
 Ignite Poison            Fire/Tmut/Pois 0%         N/A       100%        3
 Mephitic Cloud           Conj/Pois/Air  0%         N/A       100%        3
 Bolt of Magma            Conj/Fire/Erth 0%         4d4       100%        5


Dungeon Overview and Level Annotations

Branches:
Dungeon (4/15)             Temple (1/1) D:4

Altars:
Ashenzari
Cheibriados
Elyvilon
Fedhas
Gozag
Hepliaklqana
Kikubaaqudgha
Makhleb
Okawaru
Qazlal
Sif Muna
Trog
Uskayaw
Vehumet
Wu Jian
Yredelemnul
Zin
The Shining One

Shops:
D:1 !

Annotations:
D:2 dig for ring


Innate Abilities, Weirdness & Mutations

You thrive by killing the living.
You are immune to poison.
You have sharp fingernails.
Your flesh is cold resistant. (rC+)
You are immune to negative energy. (rN+++)
You do not regenerate when monsters are visible.
You are immune to unholy pain and torment.


Message History

You closely miss the white imp.
The white imp is almost dead.
The white imp hits you but does no damage.
The white imp gestures at you. The puff of frost hits you. You resist.
You slash the white imp!
You kill the white imp!
Okawaru accepts your kill.
Found 2 scrolls labelled ISMAAT PULILA.
i - 3 scrolls labelled ISMAAT PULILA (gained 2)
A worm comes into view.
A worm is nearby!
A worm is nearby!
Saving game... please wait.
Welcome back, KamiKatze the Ghoul Fighter.
Okawaru says: Bring me glory in combat!
Press ? for a list of commands and other information.
You slash the worm!
The worm is almost dead.
You slash the worm!
You kill the worm!
Okawaru accepts your kill.
No target in view!
An ogre comes into view. It is wielding a +0 giant club.
The ogre shouts!
You see here a worm corpse.
Your shield and scale mail prevent you from hitting the ogre.
The ogre closely misses you.
You barely miss the ogre.
The ogre hits you with a +0 giant club!!
You are too injured to fight recklessly!
You are too injured to fight recklessly!
You slash the ogre!
The ogre is heavily wounded.
The ogre hits you with a +0 giant club!!
* * * LOW HITPOINT WARNING * * *
You barely miss the ogre.
The ogre is heavily wounded.
The ogre hits you with a +0 giant club!!
You die...

#.)............................#
.........#####.......##.......##
#........# #.##.##....#######
#........# #.......####
#........# ####.#### #........#
##.# #.......## ###.†##
#######.### #.....# .#...#...<#
#.#@#.# .#.#.#.)..# #.#O#.#
...#.###..# # #.#.# ####......#
#.#.# ####......# #.#.#
...#.###### ....# .#.#.# #.#
.#...# #.# ######


You could see an ogre.

Vanquished Creatures
  A howler monkey (D:4)
  An orc priest (D:3)
  A hound skeleton (D:4)
  Robin (D:2)
  4 gnolls (D:4)
  6 adders
  A white imp (D:4)
  An adder skeleton (D:4)
  3 dart slugs
  3 worms
  4 orcs (D:3)
  8 bats
  2 endoplasms (D:3)
  4 giant cockroaches
  12 goblins
  8 hobgoblins
  8 kobolds
  4 quokkas
  2 ball pythons
  A frilled lizard (D:1)
  4 rats
79 creatures vanquished.

Notes
Turn   | Place    | Note
-------+----------+-------------------------------------------
     0 | D:1      | KamiKatze the Ghoul Fighter began the quest for the Orb.
     0 | D:1      | Reached XP level 1. HP: 19/19 MP: 0/0
    50 | D:1      | Found Gomogui's Distillery.
   120 | D:1      | Reached XP level 2. HP: 17/26 MP: 1/1
   761 | D:1      | Found a faded altar of an unknown god.
   884 | D:2      | Reached XP level 3. HP: 31/31 MP: 2/2
  2031 | D:3      | Reached XP level 4. HP: 39/39 MP: 3/3
  2100 | D:3      | Noticed Robin
  2120 | D:2      | Killed Robin
  2254 | D:3      | Found a hide-covered altar of Uskayaw.
  2361 | D:3      | Found a broken altar of Ashenzari.
  2761 | D:4      | Reached XP level 5. HP: 44/46 MP: 4/4
  2958 | D:4      | Identified the +8 dagger of the Seven Xenops {pain, +Blink
                  | rElec}
  3086 | D:4      | Found a staircase to the Ecumenical Temple.
  3145 | D:4      | Reached XP level 6. HP: 52/52 MP: 5/5
  3156 | Temple   | Entered the Ecumenical Temple
  3333 | Temple   | Became a worshipper of Warmaster Okawaru
  3513 | D:4      | Upgraded the game from 0.27.1-33-g824d729ab1 to
                  | 0.27.1-34-g3ba077fa99
  3525 | D:4      | Mangled by an ogre

Illustrated notes

Levels and vault maps discovered:
D:1:      scummos_arrival_simple_crosswalls, layout_loops_ring,
          chequers_ecumenical_altar_grove, serial_shops, nicolae_square_shop,
          minmay_pentomino_z4
D:2:      layout_loops_ring, item_on_display_b
D:3:      layout_rooms, ashenzari_conservatory_becter,
          eat_drink_and_be_merry_uskayaw, chequers_serial_rivers_micro_e,
          minmay_misc_feat_pillars, serial_bayou_pond_d, uniq_robin
D:4:      layout_loops_cross, minmay_temple_entry_water_ring, bh_walls_and_bars
Temple:   eino_temple_scatter_basement

Skill      XL: |  1  2  3  4  5 |
---------------+----------------+-----
Axes           | 2 3 |  3.6
Shields        | 3 4 |  4.2
Armour         | 3 |  3.5
Fighting       | 4 |  4.3

Action                   |  1- 3 |  4- 6 || total
-------------------------+-------+-------++-------
Melee: Hand axe          |   130 |       ||   130
       War axe           |    10 |   177 ||   187
Throw: Stone             |     5 |       ||     5
Armor: Scale mail        |    70 |    93 ||   163
Dodge: Dodged            |    32 |    68 ||   100
Block: Kite shield       |    73 |   123 ||   196
